 Dungeon Crawl Stone Soup version 0.18-a0-731-ga019a5f (webtiles) character file.

951 JokEr the Ruffian (level 7, 74/74 HPs)
             Began as a Troll Fighter on Dec 9, 2015.
             Quit the game in the Ecumenical Temple.
             The game lasted 00:08:35 (3798 turns).

JokEr the Ruffian (Troll Fighter)                   Turns: 3798, Time: 00:08:35

Health: 74/74      AC:  6    Str: 27    XL:     7   Next: 90%
Magic:  6/6        EV:  8    Int:  4    God:
Gold:   244        SH:  9    Dex:  9    Spells: 0 memorised, 6 levels left

rFire  . . .     SeeInvis .       - Unarmed
rCold  . . .     Clarity  .     a - +1 robe
rNeg   . . .     SustAt   .     b - +0 shield
rPois  .         Gourm    +     (helmet restricted)
rElec  .         Spirit   +     (no cloak)
rCorr  .         Dismiss  .     (gloves unavailable)
rMut   .         Stasis   .     (boots unavailable)
MR     .....                    d - amulet of guardian spirit
Stlth  +.........               (no ring)
                                (no ring)

@: not resistant to hostile enchantments, very unstealthy
A: unfitting armour, claws 3, fast metabolism 3, gourmand, regeneration 2,
shaggy fur 1, tough skin 2
a: no special abilities


You were in the Ecumenical Temple.
You were not hungry.

You visited 2 branches of the dungeon, and saw 6 of its levels.

You collected 244 gold pieces.

Inventory:

Armour
 a - a +1 robe (worn)
 b - a +0 shield (worn)
Jewellery
 d - an amulet of guardian spirit (around neck)
 g - an uncursed amulet of resist corrosion
 y - an uncursed ring of protection from cold
Wands
 q - a wand of flame (11)
 t - a wand of disintegration (15)
Scrolls
 e - 2 scrolls of identify
 i - 4 scrolls of amnesia
 j - 4 scrolls of teleportation
 k - a scroll of recharging
 m - a scroll of fear
 n - a scroll of enchant armour
 u - a scroll of acquirement {unknown}
Potions
 c - a potion of might
 f - a potion of curing {unknown}
 h - a potion of agility {unknown}
 l - a potion of degeneration {unknown}
 p - a potion of lignification {unknown}
 r - a potion of poison {unknown}
 s - a potion of heal wounds {unknown}
 w - a potion of mutation {unknown}
Books
 o - a book of Death

   Spells                             Type                      Level
   a - Corpse Rot                     Necromancy                   2
   b - Sublimation of Blood           Necromancy                   2
   c - Agony                          Necromancy                   5
   d - Dispel Undead                  Necromancy                   5
   e - Excruciating Wounds            Charms/Necromancy            5
   f - Bolt of Draining               Conjuration/Necromancy       5
Comestibles
 x - a bread ration


   Skills:
 + Level 5.8 Fighting
 - Level 2.6 Dodging
 - Level 2.6 Shields
 + Level 6.5 Unarmed Combat


You had 6 spell levels left.
You didn't know any spells.

Dungeon Overview and Level Annotations

Branches:
Dungeon (5/15)             Temple (1/1) D:5

Altars:
Ashenzari
Cheibriados
Dithmenos
Elyvilon
Fedhas
Gozag
Kikubaaqudgha
Makhleb
Nemelex Xobeh
Okawaru
Qazlal
Sif Muna
Trog
Vehumet
Xom
Zin
The Shining One


Innate Abilities, Weirdness & Mutations

You are too large for most types of armour.
You have claws for hands.
Your metabolism is lightning-fast.
You like to eat raw meat.
You heal very quickly.
You are covered in fur (AC +1).
You have very tough skin (AC +2).


Message History

Moving in this stuff is going to be slow.
You enter the shallow water.
Moving in this stuff is going to be slow.
You are starving!
You need to eat something NOW!
You need to eat something NOW!
You need to eat something NOW!
You need to eat something NOW!
Eat which item? (? for menu, Esc to quit)
You continue eating. x2
You finish eating.
That bread ration really hit the spot!
You enter the shallow water.
Moving in this stuff is going to be slow.
Why would you want to do that? Why would you want to do that?
Why would you want to do that? Why would you want to do that?
There is a glowing golden altar of the Shining One here.
Search for what [Enter for "armour", or ? for help]? okawaru Are you sure you want to abandon this character and quit the game? (Confirm with "yes".)

♣♣♣..#...#..♣≈≈≈≈♣♣♣ ♣♣#
♣♣......_.#...≈≈≈≈..♣♣♣..
♣♣.........#..≈≈≈≈.....♣.#
♣♣♣............≈≈≈#...#.....
♣...##.#.....♣≈≈≈≈#._.......
♣♣..#...#.....≈≈≈...........
♣..#._.......≈≈≈≈♣....♣....
♣♣.#...#......≈≈≈♣♣........
♣♣♣♣.....@♣..♣♣≈♣♣♣.......
♣♣♣♣♣...♣♣♣♣≈≈♣♣♣..♣...
♣♣..♣ ♣♣≈♣ ♣♣♣...# ♣♣♣
♣..♣♣♣♣ ≈≈♣♣ ♣....
♣♣.###.....♣ ♣≈≈≈♣♣♣._.
♣♣♣♣.........♣♣#♣♣♣♣≈≈♣♣...
♣.....#.._..#..#._♣♣♣≈≈♣...
♣♣....#.....#..#...♣♣≈≈≈≈..
♣♣...............##.#♣♣≈≈≈..


There were no monsters in sight!

Vanquished Creatures
  Grinder (D:3)
  2 sky beasts (D:5)
  A phantom (D:3)
  2 hounds (D:4)
  A centaur skeleton (D:4)
  3 iguanas
  4 worker ants
  Terence (D:3)
  Ijyb (D:3)
  10 adders
  An ooze (D:2)
  2 adder skeletons
  4 worms
  3 giant geckos
  A ball python (D:4)
  4 giant cockroaches
  5 goblins
  2 hobgoblins (D:1)
  4 kobolds
  A quokka (D:4)
  10 bats
  3 giant newts
  5 jackals
  A quokka skeleton (D:5)
  8 rats
80 creatures vanquished.

Notes
Turn   | Place    | Note
--------------------------------------------------------------
     0 | D:1      | JokEr the Troll Fighter began the quest for the Orb.
     0 | D:1      | Reached XP level 1. HP: 22/22 MP: 0/0
   183 | D:1      | Reached XP level 2. HP: 29/29 MP: 1/1
   854 | D:2      | Reached XP level 3. HP: 36/36 MP: 2/2
   901 | D:2      | Found a stormy altar of Qazlal.
   964 | D:2      | Reached skill level 3 in Fighting
  1142 | D:2      | Reached XP level 4. HP: 45/45 MP: 3/3
  1587 | D:3      | Noticed a phantom
  1634 | D:3      | Found a glowing silver altar of Zin.
  1685 | D:3      | Noticed Terence
  1695 | D:3      | Killed Terence
  1740 | D:3      | Noticed Ijyb
  1740 | D:3      | Noticed Grinder
  1749 | D:3      | Killed Ijyb
  1749 | D:3      | Reached XP level 5. HP: 50/54 MP: 4/4
  1764 | D:3      | Killed Grinder
  1764 | D:3      | Reached skill level 4 in Fighting
  1764 | D:3      | Reached XP level 6. HP: 34/63 MP: 5/5
  1983 | D:3      | Reached skill level 5 in Unarmed Combat
  2407 | D:4      | Found a sparkling altar of Nemelex Xobeh.
  2485 | D:4      | Reached XP level 7. HP: 60/71 MP: 6/6
  2495 | D:4      | Found an iron altar of Okawaru.
  2551 | D:4      | Reached skill level 5 in Fighting
  2658 | D:4      | Found a shadowy altar of Dithmenos.
  2883 | D:5      | Entered Level 5 of the Dungeon
  2892 | D:5      | Reached skill level 6 in Unarmed Combat
  3553 | D:5      | Found a staircase to the Ecumenical Temple.
  3566 | Temple   | Entered the Ecumenical Temple
  3798 | Temple   | Quit the game

Vault maps used:
D:1:      eino_arrival_tree_alley
D:2:      nicolae_qazlal_general_emergency, minmay_misc_feat_hallway,
          corexii_leaking_fountain, minmay_quantized
D:3:      nicolae_overflow_crystal_walls, uniq_terence, uniq_iyjb, uniq_grinder
D:4:      lemuel_doored_altar, nemelex_deck, old_standard_altar
D:5:      lemuel_coloured_pillars_altar, temple_hall, first_bread,
          minmay_misc_feat_enclosed, minmay_small_thing
Temple:   oiseaux_autumnal_temple_12

Action                   |  1- 3 |  4- 6 |  7- 9 || total
-------------------------+-------+-------+-------++-------
Melee: Unarmed           |   105 |   101 |    73 ||   279
  Use: Scroll            |     7 |       |     5 ||    12
  Eat: Chunk             |     2 |       |       ||     2
       Bread ration      |     2 |       |     1 ||     3
       Fruit             |       |     9 |       ||     9
       Beef jerky        |       |     1 |     2 ||     3
       Meat ration       |       |     1 |       ||     1
       Pizza             |       |     1 |       ||     1
